 Dungeon Crawl Stone Soup version 0.27-a0-906-g0a00ce863d (webtiles) character file.

Game seed: 12163803326803419133

43 Lanoc the Skirmisher (level 3, -6/30 HPs)
             Began as a Djinni Abyssal Knight on Apr 7, 2021.
             Was a Follower of Lugonu.
             Mangled by a gnoll
             ... wielding a +0 scimitar
              (10 damage)
             ... on level 2 of the Dungeon.
             The game lasted 00:01:28 (1227 turns).

Lanoc the Skirmisher (Djinni Abyssal Knight)        Turns: 1227, Time: 00:01:28

Health: -6/30      AC:  3    Str: 11    XL:     3   Next: 58%
Gold:   85         EV: 12    Int: 13    God:    Lugonu [*.....] SH:  0 Dex: 13

rFire    + + .     SeeInvis .   a - +1 falchion
rCold    x . .     Faith    .   (no shield)
rNeg     . . .     Spirit   .   b - +0 leather armour
rPois    ∞         Reflect  .   (no helmet)
rElec    .         Harm     .   (no cloak)
rCorr    .         Rampage  .   (no gloves)
Will     .....                  (boots unavailable)
Stlth    +.........             (no amulet)
HPRegen  0.10/turn              (no ring)
MPRegen  0.00/turn              (no ring)

@: flying
A: fire resistance 2, cold vulnerability 1, float, innate caster, hp casting,
extra vitality 1
a: Renounce Religion, Depart the Abyss


You were on level 2 of the Dungeon.
You worshipped Lugonu.
Lugonu was aware of your devotion.
You visited 1 branch of the dungeon, and saw 2 of its levels.
You visited the Abyss 1 time.

You collected 85 gold pieces.

Inventory:

Hand Weapons
 a - a +1 falchion (weapon)
Missiles
 c - a throwing net
Armour
 b - a +0 leather armour (worn)
Scrolls
 f - 2 scrolls of noise {unknown}
 h - a scroll of enchant armour {unknown}
 i - a scroll of amnesia {unknown}
Potions
 d - 4 potions of curing {unknown}
 e - a potion of resistance {unknown}
 g - a potion of brilliance {unknown}


   Skills:
 + Level 3.4 Fighting
 - Level 1.7 Long Blades
 - Level 1.0 Armour
 + Level 2.8 Dodging
 * Level 2.9 Invocations


You had one spell level left.
You knew the following spells:

 Your Spells              Type           Power      Damage    Failure   Level
h - Beastly Appendage     Tmut           0%         N/A       38%         1
Your spell library was empty.

Dungeon Overview and Level Annotations

Branches:
Dungeon (2/15)

Altars:


Innate Abilities, Weirdness & Mutations

You are immune to poison.
Your flesh is very heat resistant. (rF++)
You are vulnerable to cold. (rC-)
You float through the air rather than walking.
You learn spells naturally, not from books.
Your magical power is your life essence.
You have superior vitality. (+4 HP)


Message History

The gnoll is severely wounded.
The gnoll hits you with a +0 flail.
Casting: Beastly Appendage (safe; 38% risk of failure)
Confirm with . or Enter, or press ? or * to list all spells.
You grow a pair of large bovine horns.
The gnoll hits you with a +0 flail.
You hit the gnoll but do no damage.
The gnoll is severely wounded.
The gnoll closely misses you.
You riposte.
You hit the gnoll.
You kill the gnoll!
Lugonu accepts your kill.
Your magical contamination has completely faded away.
You hit the gnoll.
The gnoll is lightly wounded.
The gnoll hits you but does no damage. The gnoll completely misses you.
You riposte.
You hit the gnoll.
You headbutt the gnoll, but do no damage.
The gnoll is heavily wounded.
You closely miss the gnoll.
The gnoll is heavily wounded.
The gnoll closely misses you.
You barely miss the gnoll.
The gnoll is moderately wounded.
The gnoll hits you with a +0 club.
You are too injured to fight recklessly!
You are too injured to fight recklessly!
You hit the gnoll.
The gnoll is severely wounded.
The gnoll closely misses you.
You completely miss the gnoll. You headbutt the gnoll.
You kill the gnoll!
Lugonu accepts your kill.
You slash the gnoll! Your headbutt misses the gnoll.
The gnoll is heavily wounded.
The gnoll hits you with a +0 scimitar!
* * * LOW HITPOINT WARNING * * *
You closely miss the gnoll.
The gnoll is heavily wounded.
Your horns disappear.
The gnoll hits you with a +0 scimitar!
You die...

.# #.# ##.. #..# #..# #..#
#.#####..# #.)gg@..#####.
#.#####........ #.#.#####
####........ #......###.#
#.###..# #.# #####
#.###..###.#####...# ##########
#.#................#
#........####.#.#..###.#####..<#


You could see 2 gnolls.

Vanquished Creatures
  2 gnolls (D:2)
  A dart slug (D:1)
  A ball python (D:1)
  3 bats
  4 goblins
  2 hobgoblins (D:1)
  3 jackals (D:1)
  2 kobolds (D:1)
  2 rats (D:1)
20 creatures vanquished.

Notes
Turn   | Place    | Note
-------+----------+-------------------------------------------
     0 | Abyss:1  | Lanoc the Djinni Abyssal Knight began the quest for the
                  | Orb.
     0 | Abyss:1  | Reached XP level 1. HP: 20/20 MP: 0/0
   117 | Abyss:1  | Noticed a chaos spawn
   118 | Abyss:1  | Noticed a neqoxec
   158 | D:1      | Escaped the Abyss
   364 | D:1      | Reached XP level 2. HP: 23/25 MP: 0/0
   552 | D:1      | Found a faded altar of an unknown god.
   852 | D:1      | Reached * piety under Lugonu
  1163 | D:2      | Reached XP level 3. HP: 28/30 MP: 0/0
  1163 | D:2      | Learned a level 1 spell: Beastly Appendage
  1227 | D:2      | Mangled by a gnoll

Illustrated notes

Levels and vault maps discovered:
D:1:      dpeg_arrival_line_fractal, layout_loops_ring,
          ebering_ecumenical_altar_hall
D:2:      layout_loops_corners, serial_rivers, chequers_serial_rivers_large_a,
          chequers_serial_rivers_micro_c, chequers_serial_rivers_micro_e,
          chequers_serial_rivers_small_3, uniq_robin, uniq_sigmund

Skill      XL: |  1 |
---------------+----+-----
Invocations    | 2 |  2.9
Fighting       | |  3.4
Long Blades    | |  1.7
Armour         | |  1.0
Dodging        | |  2.8

Action                   || total
-------------------------++-------
Melee: Falchion          ||    55
       Headbutt          ||     2
 Cast: Beastly Appendage ||     1
Invok: Depart the Abyss  ||     1
Armor: Leather armour    ||     9
Dodge: Dodged            ||    40
       Rpst.: Falchion   ||    17

Table legend: (Time is in decaauts)
 A = Elapsed time spent in this place.
 B = Non-inter-level travel time spent in this place.
 C = Inter-level travel time spent in this place.
 D = Time resting spent in this place.
 E = Time spent auto-exploring this place.
 F = Levels seen in this place.
 G = Mean time per level.
                   A        B        C        D        E       F      G
               +--------+--------+--------+--------+--------+-----+--------+
         Total |   1238 |   1217 |     21 |      0 |   1049 |   3 |  412.7 |
       Dungeon |   1080 |   1059 |     21 |      0 |    936 |   2 |  540.0 |
         Abyss |    158 |    158 |      0 |      0 |    113 |   1 |  158.0 |
               +--------+--------+--------+--------+--------+-----+--------+

Top non-repeatable levels by time:
     D:1: 941 daAuts
 Abyss:1: 158 daAuts
     D:2: 138 daAuts
